 Dungeon Crawl Stone Soup version 0.26.0-10-g1f06aea511 (webtiles) character file.

Game seed: 734881679394367969

5789 Dracia the Fiendish (level 10, -9/83 HPs)
             Began as a Demonspawn Gladiator on Jan 17, 2021.
             Was a Priest of Makhleb.
             Killed by refrigeration
             ... invoked by Fannar
              (26 damage)
             ... on level 9 of the Dungeon.
             The game lasted 00:19:54 (9723 turns).

Dracia the Fiendish (Demonspawn Gladiator)          Turns: 9723, Time: 00:19:55

Health: -9/83      AC: 23    Str: 16    XL:     10   Next: 50%
Magic:  17/17      EV:  8    Int: 11    God:    Makhleb [***...]
Gold:   527        SH:  5    Dex: 15    Spells: 4/9 levels left

rFire    . . .     SeeInvis .   a - +1 trident
rCold    . . .     Faith    .   f - +0 buckler
rNeg     + . .     Spirit   .   B - +2 chain mail {rN+}
rPois    .         Reflect  .   (helmet restricted)
rElec    .         Harm     .   A - +2 cloak
rCorr    .         Rampage  .   (no gloves)
Will     .....                  o - +2 pair of boots
Stlth    ..........             (no amulet)
HPRegen  0.23/turn              Q - ring of stealth
MPRegen  0.15/turn              L - ring of flight

@: no status effects
A: antennae 2, iridescent scales 2, demonic guardian 1, spiny 3
a: Renounce Religion, Evoke Flight, Minor Destruction, Lesser Servant of Makhleb


You were on level 9 of the Dungeon.
You worshipped Makhleb.
Makhleb was most pleased with you.
You visited 2 branches of the dungeon, and saw 11 of its levels.

You collected 527 gold pieces.


Innate Abilities, Weirdness & Mutations

You have a pair of antennae on your head.
You are mostly covered in iridescent scales. (AC +4)
A weak demonic guardian rushes to your aid.
You are completely covered in sharp spines.


   Skills:
 + Level 9.0 Fighting
 - Level 6.3 Polearms
 - Level 1.7 Throwing
 + Level 6.8 Armour
 - Level 2.6 Dodging
 - Level 4.0 Shields
 + Level 9.9 Invocations


You had 4 spell levels left.
You knew the following spells:

 Your Spells              Type           Power        Failure   Level
m - Mephitic Cloud        Conj/Pois/Air  0%           100%        3
I - Blink                 Tloc           N/A          100%        2

Your spell library contained the following spells:

 Spells                   Type           Power        Failure   Level
 Magic Dart               Conj           0%           99%         1
 Call Imp                 Summ           0%           100%        2
 Slow                     Hex            0%           100%        2
 Conjure Flame            Conj/Fire      0%           100%        3
 Ignite Poison            Fire/Tmut/Pois 0%           100%        3
 Fireball                 Conj/Fire      0%           100%        5
 Starburst                Conj/Fire      0%           100%        6
 Ignition                 Fire           0%           100%        8

Inventory:

Hand Weapons
 a - a +1 trident (weapon)
 b - a +0 hunting sling
Missiles
 d - 5 throwing nets {=f=f}
 p - 80 sling bullets
 v - 9 boomerangs
Armour
 c - a +2 helmet
 f - a +0 buckler (worn)
 j - a +0 ring mail
 k - a +0 leather armour
 o - a +2 pair of boots (worn)
 A - a +2 cloak (worn)
 B - a +2 chain mail of positive energy (worn)
 I - a scarf of invisibility
Magical Staves
 r - an uncursed staff of earth {!a!a, unknown}
 D - an uncursed staff of fire {!a!a, unknown}
Jewellery
 L - a ring of flight (right hand)
 Q - a ring of stealth (left hand)
Wands
 x - a wand of flame (11)
 C - a wand of random effects (28)
 E - a wand of enslavement (8)
Scrolls
 m - 3 scrolls of amnesia
 n - 9 scrolls of remove curse {@r2@r2}
 q - 4 scrolls of teleportation {@r4@r4}
 z - a scroll of fog
 G - 3 scrolls of identify {@r1@r1}
 N - a scroll of fear
Potions
 e - 4 potions of brilliance
 g - a potion of degeneration
 i - a potion of heal wounds {@q2@q2}
 s - 3 potions of attraction
 t - a potion of might {unknown}
 u - a potion of haste {unknown}
 w - 3 potions of lignification
 F - a potion of ambrosia {unknown}
 H - a potion of curing {@q1@q1}
 K - a potion of magic {unknown}

Dungeon Overview and Level Annotations

Branches:
Dungeon (10/15)            Temple (1/1) D:4             Orc (0/2) D:9
   Lair: D:8-11

Altars:
Ashenzari
Cheibriados
Dithmenos
Elyvilon
Fedhas
Gozag
Hepliaklqana
Kikubaaqudgha
Makhleb
Nemelex Xobeh
Okawaru
Qazlal
Ru
Sif Muna
Trog
Uskayaw
Vehumet
Wu Jian
Xom
Yredelemnul
Zin
The Shining One

Annotations:
D:9 Fannar

#.............#...#...
#.............#...#...
#####.........#...#...
#.........#...####
#.........#.......
#.........#.......
#........##....###
#........#.....#
#@....####.....#
#.....#........#
#Y....#........###
#.<...#...........
#3....#......###'#
########Y§...###'##.#....
#...e..e4.........#.#....
#.................#.#....
#.................#.#####


You could see Fannar (icy armour), 2 ice beasts, a friendly hellwing (summoned)
and a friendly ynoxinul (summoned).


Message History

You feel much better. The ice beast barely misses you.
Your ynoxinul hits Fannar! Fannar barely misses your ynoxinul.
The ice beast barely misses your ynoxinul.
Use which ability? (? or * to list)
The ice beast is struck by your spines.
The ice beast hits you but does no damage.
Your ynoxinul gestures at Fannar.
The iron shot hits Fannar!
Your iron imp hits Fannar.
Fannar gestures wildly while chanting.
Fannar blinks!
The ice beast is struck by your spines.
The ice beast hits you but does no damage.
The ice beast hits your hellwing but does no damage.
You block the ice beast's attack. The ice beast hits your hellwing.
The ice beast freezes your hellwing.
Unknown command.
Your iron imp disappears in a puff of smoke!
Your ynoxinul barely misses the ice beast.
Your hellwing hits the ice beast! x2; The ice beast barely misses you.
Things that are here:
a +0 dire flail; a +0 giant club Your ynoxinul barely misses the ice beast.
Your hellwing hits the ice beast!
Your hellwing hits the ice beast but does no damage.
The ice beast hits your hellwing. The ice beast freezes your hellwing!
Your ynoxinul barely misses the ice beast.
Fannar gestures wildly while chanting.
Fannar drains the heat from the surrounding environment!
You feel very cold.
You die...

Skill      XL: |  1  2  3  4  5  6  7  8  9 10 |
---------------+-------------------------------+-----
Polearms       | 3 4 5 6 |  6.3
Fighting       | 3 4 5 6 8 9 |  9.0
Invocations    | 1 3 6 8 9 |  9.9
Armour         | 2 4 5 6 |  6.8
Shields        | 2 4 |  4.0
Throwing       | |  1.7
Dodging        | |  2.6

Action                   |  1- 3 |  4- 6 |  7- 9 | 10-12 || total
-------------------------+-------+-------+-------+-------++-------
Melee: Trident           |    85 |   197 |   321 |   103 ||   706
Throw: Boomerang         |       |     4 |     8 |       ||    12
Invok: Minor Destruction |       |       |    16 |     3 ||    19
       Lesser Servant of |       |       |       |     2 ||     2
Evoke: Wand              |       |       |     2 |     2 ||     4
  Use: Scroll            |       |    13 |     8 |     5 ||    26
       Potion            |       |       |     2 |     4 ||     6
 Stab: Sleeping          |     2 |     2 |     3 |       ||     7
       Distracted        |       |       |     1 |       ||     1
Armor: Leather armour    |    26 |    36 |       |       ||    62
       Ring mail         |       |    12 |    75 |       ||    87
       Chain mail        |       |       |    22 |    63 ||    85
Dodge: Dodged            |    61 |    68 |   115 |    39 ||   283
Block: Buckler           |       |       |       |    22 ||    22

Levels and vault maps discovered:
D:1:      sevenhm_arrival_forest_fort_small_3, layout_loops_corners
D:2:      layout_loops_ring, lemuel_doored_altar,
          gammafunk_temple_overflow_statue, serial_rivers,
          chequers_serial_rivers_large_b, chequers_serial_rivers_micro_a,
          chequers_serial_rivers_micro_d, chequers_serial_rivers_small_3,
          uniq_jessica
D:3:      layout_loops_ring
D:4:      layout_cave_pools, temple_statues, columned_hall_lemuel
D:5:      layout_basic, nzn_hepliaklqana_mist_gate
D:6:      minmay_spotlight, layout_gridville, uniq_duvessa,
          uniq_crazy_yiuf_cottage
D:7:      layout_loops_ring, lemuel_flame_loot_1
D:8:      layout_loops_ring, grunt_dithmenos_shadows
D:9:      layout_irregular_city, cheibriados_altar_2, orc_0_dummy,
          elyvilon_altar_4
D:10:     layout_rooms, lair_entry_dummy, uniq_fannar
Temple:   regret_index_temple_sphere_string

Notes
Turn   | Place    | Note
-------+----------+-------------------------------------------
     0 | D:1      | Dracia the Demonspawn Gladiator began the quest for the
                  | Orb.
     0 | D:1      | Reached XP level 1. HP: 16/16 MP: 1/1
   362 | D:1      | Reached skill level 3 in Polearms
   441 | D:1      | Gained mutation: You are partially covered in iridescent
                  | scales. (AC +2) [demonic ancestry]
   441 | D:1      | Reached XP level 2. HP: 22/22 MP: 2/2
  1062 | D:2      | You fall into a shaft and drop 1 floor!
  1082 | D:2      | Found a blossoming altar of Fedhas.
  1083 | D:2      | Found a white marble altar of Elyvilon.
  1100 | D:2      | Noticed Jessica
  1112 | D:2      | Killed Jessica
  1113 | D:2      | Gained mutation: You are partially covered in sharp spines.
                  | [demonic ancestry]
  1113 | D:2      | Reached XP level 3. HP: 14/28 MP: 3/3
  1135 | D:2      | Reached skill level 4 in Polearms
  1135 | D:2      | Gained mutation: A weak demonic guardian rushes to your
                  | aid. [demonic ancestry]
  1135 | D:2      | Reached XP level 4. HP: 7/34 MP: 4/4
  1479 | D:2      | Reached skill level 3 in Fighting
  1511 | D:2      | Found a broken altar of Ashenzari.
  2246 | D:3      | Gained mutation: You have a pair of small antennae on your
                  | head. [demonic ancestry]
  2246 | D:3      | Reached XP level 5. HP: 38/41 MP: 5/5
  2502 | D:3      | Reached skill level 5 in Polearms
  2952 | D:4      | Noticed an ogre
  2963 | D:4      | Killed an ogre
  2964 | D:4      | Gained mutation: You are mostly covered in sharp spines.
                  | [demonic ancestry]
  2964 | D:4      | Reached XP level 6. HP: 23/48 MP: 6/6
  3200 | D:4      | Found a staircase to the Ecumenical Temple.
  3410 | D:4      | Reached skill level 4 in Fighting
  3618 | D:5      | Entered Level 5 of the Dungeon
  3860 | D:5      | Reached skill level 6 in Polearms
  3913 | Temple   | Entered the Ecumenical Temple
  4077 | Temple   | Became a worshipper of Makhleb the Destroyer
  4376 | D:5      | Found a hazy altar of Hepliaklqana.
  4396 | D:5      | Reached skill level 1 in Invocations
  4396 | D:5      | Gained mutation: You are completely covered in sharp
                  | spines. [demonic ancestry]
  4396 | D:5      | Reached XP level 7. HP: 36/55 MP: 7/7
  4679 | D:6      | Reached skill level 2 in Invocations
  4684 | D:6      | Reached skill level 1 in Armour
  4690 | D:6      | Reached skill level 5 in Fighting
  4699 | D:6      | Reached skill level 3 in Invocations
  4817 | D:6      | Reached skill level 2 in Armour
  4920 | D:5      | Gained mutation: You have a pair of antennae on your head.
                  | [demonic ancestry]
  4920 | D:5      | Reached XP level 8. HP: 40/63 MP: 10/10
  5039 | D:6      | Reached skill level 4 in Invocations
  5155 | D:6      | Found a runed translucent door.
  5156 | D:6      | Noticed Crazy Yiuf
  5216 | D:6      | Killed Crazy Yiuf
  5444 | D:6      | Noticed Duvessa
  5446 | D:6      | Noticed Dowan
  5460 | D:6      | Killed Duvessa
  5461 | D:6      | Reached skill level 6 in Fighting
  5461 | D:6      | Reached skill level 3 in Armour
  5463 | D:6      | Killed Dowan
  5464 | D:6      | Reached skill level 5 in Invocations
  5728 | D:6      | Reached * piety under Makhleb
  5874 | D:6      | Reached skill level 1 in Shields
  6097 | D:7      | Reached skill level 4 in Armour
  6097 | D:7      | Reached skill level 6 in Invocations
  6314 | D:7      | Reached skill level 2 in Shields
  6349 | D:7      | Reached XP level 9. HP: 71/71 MP: 13/13
  6954 | D:8      | Reached skill level 7 in Fighting
  6979 | D:8      | Reached skill level 7 in Invocations
  7083 | D:8      | Reached ** piety under Makhleb
  7111 | D:8      | Reached skill level 3 in Shields
  7132 | D:7      | HP: 3/72 [vampire/vampiric draining (14)]
  7341 | D:7      | Reached skill level 5 in Armour
  7894 | D:8      | Found a shadowy altar of Dithmenos.
  7941 | D:8      | Learned a level 2 spell: Blink
  7945 | D:8      | Learned a level 3 spell: Mephitic Cloud
  8203 | D:9      | Reached skill level 8 in Invocations
  8297 | D:9      | Found a staircase to the Orcish Mines.
  8328 | D:9      | Reached skill level 4 in Shields
  8349 | D:9      | Reached skill level 8 in Fighting
  8355 | D:9      | Gained mutation: You are mostly covered in iridescent
                  | scales. (AC +4) [demonic ancestry]
  8355 | D:9      | Reached XP level 10. HP: 69/80 MP: 16/16
  8417 | D:9      | Noticed a torpor snail
  8426 | D:9      | Found a snail-covered altar of Cheibriados.
  8426 | D:9      | Noticed a torpor snail
  8428 | D:9      | Noticed a torpor snail
  8435 | D:9      | Reached *** piety under Makhleb
  8436 | D:9      | Reached skill level 6 in Armour
  8550 | D:8      | Reached skill level 9 in Invocations
  8832 | D:9      | Found a white marble altar of Elyvilon.
  9386 | D:10     | Entered Level 10 of the Dungeon
  9434 | D:10     | Noticed Fannar
  9447 | D:10     | Noticed a two-headed ogre
  9697 | D:9      | Killed a two-headed ogre
  9698 | D:9      | Reached skill level 9 in Fighting
  9716 | D:9      | HP: 3/83 [Fannar/refrigeration (14)]
  9723 | D:9      | Killed from afar by Fannar

Vanquished Creatures
  A two-headed ogre (D:9)
  A vampire (D:7)
  8 yaks
  Duvessa (D:6)
  A water moccasin (D:6)
  An orc warrior (D:7)
  A black bear (D:9)
  2 sky beasts
  A necrophage (D:9)
  2 centaurs
  2 phantoms
  9 ogres
  4 bullfrogs (D:7)
  Dowan (D:6)
  A wyvern skeleton (D:6)
  3 scorpions (D:8)
  A water moccasin skeleton (D:9)
  5 wights
  3 howler monkeys
  A centaur zombie (D:9)
  6 hounds
  A jelly (D:7)
  4 orc priests
  8 orc wizards
  Crazy Yiuf (D:6)
  2 bullfrog skeletons (D:6)
  Jessica (D:2)
  An iguana (D:4)
  6 worker ants
  5 gnolls
  13 adders
  2 shadow imps (D:8)
  3 white imps
  An ufetubus (D:6)
  3 adder skeletons
  3 worms (D:2)
  A dart slug (D:4)
  4 leopard geckos
  20 orcs
  9 giant cockroaches
  9 goblins
  6 hobgoblins
  12 jackals
  2 quokkas
  A ball python (D:1)
  9 bats
  7 frilled lizards
  A jackal skeleton (D:6)
  A jackal zombie (D:5)
  7 kobolds
  A leopard gecko zombie (D:6)
  10 rats
209 creatures vanquished.

Vanquished Creatures (collateral kills)
  A sky beast (D:8)
  A black bear (D:6)
  An ogre (D:4)
  A bullfrog (D:8)
  5 wights (D:6)
9 creatures vanquished.

Vanquished Creatures (others)
  2 quokkas
2 creatures vanquished.

Grand Total: 220 creatures vanquished

Table legend: (Time is in decaauts)
 A = Elapsed time spent in this place.
 B = Non-inter-level travel time spent in this place.
 C = Inter-level travel time spent in this place.
 D = Time resting spent in this place.
 E = Time spent auto-exploring this place.
 F = Levels seen in this place.
 G = Mean time per level.
                   A        B        C        D        E       F      G
               +--------+--------+--------+--------+--------+-----+--------+
         Total |   9795 |   9177 |    618 |   1347 |   6277 |  11 |  890.5 |
       Dungeon |   9606 |   9045 |    561 |   1347 |   6145 |  10 |  960.6 |
        Temple |    189 |    133 |     56 |      0 |    132 |   1 |  189.0 |
               +--------+--------+--------+--------+--------+-----+--------+

Top non-repeatable levels by time:
     D:7: 1257 daAuts
     D:9: 1256 daAuts
     D:2: 1242 daAuts
     D:6: 1218 daAuts
     D:8: 1136 daAuts
     D:1: 928 daAuts
     D:5: 911 daAuts
     D:3: 807 daAuts
     D:4: 780 daAuts
  Temple: 189 daAuts
    D:10: 66 daAuts

Table legend:
 A = Non-vault XP
 B = Vault XP
 C = Vault XP percentage of total XP
 D = Non-vault monster count
 E = Vault monster count
 F = Vault count percentage of total count
                 A         B        C        D         E       F
            +---------+---------+-------+---------+---------+-------
      Total |    7734 |     536 |   6.5 |     210 |       8 |   3.7
            +---------+---------+-------+---------+---------+-------
        D:1 |      22 |       0 |   0.0 |      15 |       0 |   0.0
        D:2 |     108 |      37 |  25.5 |      30 |       1 |   3.2
        D:3 |     150 |       0 |   0.0 |      39 |       0 |   0.0
        D:4 |     133 |       0 |   0.0 |       5 |       0 |   0.0
        D:5 |     465 |       0 |   0.0 |      14 |       0 |   0.0
        D:6 |     909 |     488 |  34.9 |      27 |       6 |  18.2
        D:7 |    1027 |       0 |   0.0 |      16 |       0 |   0.0
        D:8 |    1356 |      11 |   0.8 |      25 |       1 |   3.8
        D:9 |    3249 |       0 |   0.0 |      34 |       0 |   0.0
       D:10 |     315 |       0 |   0.0 |       5 |       0 |   0.0
            +---------+---------+-------+---------+---------+-------
